 Dungeon Crawl Stone Soup version 0.29.0-4-gdea44cf6ec (webtiles) character file.

Game seed: 11910882719042682894

259 qw the Chopper (level 6, 0/38 HPs)
             Began as a Gargoyle Fighter on Sept 9, 2022.
             Slain by a gnoll
             ... wielding a +0 spear
              (3 damage)
             ... on level 3 of the Dungeon.
             The game lasted 00:01:15 (2858 turns).

qw the Chopper (Gargoyle Fighter)                   Turns: 2858, Time: 00:01:16

Health: 0/38       AC: 13    Str: 22    XL:     6   Next: 17%
Magic:  6/6        EV:  7    Int:  8    God:
Gold:   143        SH:  4    Dex:  9    Spells: 5/5 levels left

rFire   . . .      SeeInvis .   Y - +0 war axe
rCold   . . .      Faith    .   c - +0 buckler
rNeg    + . .      Spirit   .   h - +0 chain mail
rPois   inf        Reflect  .   (no helmet)
rElec   +          Harm     .   (no cloak)
rCorr   .          Rampage  .   (no gloves)
Will    .....                   (no boots)
Stlth   ..........              (no amulet)
HPRegen 0.12/turn               (no ring)
MPRegen 0.10/turn               (no ring)

@: no status effects
A: sickness immunity, AC +4, negative energy resistance 1, electricity
resistance, torment resistance 1, petrification resistance
a: no special abilities


You were on level 3 of the Dungeon.
You visited 1 branch of the dungeon, and saw 3 of its levels.

You collected 143 gold pieces.


Innate Abilities, Weirdness & Mutations

You are immune to sickness and miasma.
Your stone body is resilient. (AC +4)
You are immune to poison.
You resist negative energy. (rN+)
You are resistant to electric shocks. (rElec)
You are resistant to unholy torment.
You are immune to petrification.


   Skills:
 - Level 4.0 Fighting
 + Level 5.4 Axes
 - Level 3.2 Armour
 - Level 3.2 Shields


You had 5 spell levels left.
You didn't know any spells.
Your spell library was empty.

Inventory:

Hand Weapons
 n - a +0 flail
 Y - a +0 war axe (weapon)
Armour
 c - a +0 buckler (worn)
 h - a +0 chain mail (worn)
 o - the +3 leather armour "Gutuhy" {Fly Will- SInv}
   (You found it on level 2 of the Dungeon)

   SInv:      It lets you see invisible.
   Fly:       It grants you flight.
   Will:      It decreases your willpower.
Jewellery
 b - a ring of positive energy
Scrolls
 a - a scroll of enchant weapon {unknown}
 g - a scroll of identify
 i - a scroll of fog
Potions
 d - 4 potions of might
 e - a potion of resistance {unknown}
 f - a potion of flight {unknown}
 j - a potion of degeneration {unknown}
 k - a potion of curing {unknown}
 l - a potion of heal wounds {unknown}
 m - a potion of brilliance {unknown}

Dungeon Overview and Level Annotations

Branches:
Dungeon (3/15)

Altars:
Gozag

Shops:
D:2 :


Message History

You barely miss the gnoll. The gnoll hits you but does no damage.
The gnoll hits you with a +0 halberd!
The gnoll hits you from afar with a +0 spear.
You barely miss the gnoll. The gnoll hits you but does no damage.
The gnoll hits you from afar with a +0 spear.
The gnoll barely misses you.
You barely miss the gnoll.
The gnoll hits you from afar with a +0 spear.
The gnoll barely misses you.
You barely miss the gnoll. The gnoll hits you but does no damage.
The gnoll hits you with a +0 halberd.
You slash the gnoll!
The gnoll is severely wounded.
You block the gnoll's attack. x2; The gnoll barely misses you.
You slash the gnoll!
You kill the gnoll!
You hit the orc. The orc barely misses you.
The gnoll hits you but does no damage. The orc hits you but does no damage.
You slash the orc!
You kill the orc!
The gnoll closely misses you. The gnoll hits you but does no damage.
An orc wizard comes into view. It is wielding a +0 dagger.
The gnoll hits you with a +0 spear.
You barely miss the gnoll.
The orc wizard shouts!
The orc wizard mumbles some strange words.
The orc wizard flickers and vanishes!
Deactivating autopickup; reactivate with Ctrl-A.
The gnoll barely misses you.
You completely miss the gnoll. The gnoll hits you but does no damage.
A gnoll comes into view. It is wielding a +0 spear.
The gnoll shouts!
You hit the gnoll.
The gnoll is moderately wounded.
You hear a shout!
The gnoll hits you with a +0 spear.
You die...

############# ...#8..8#....
.g'....'.. .'....'. #....# #..g.#
#)@..# .. #.)..# #'# #.)..#
..#############''''#############
oo#............................#
###~~~~~~~~~~~~....~~~~~~~~~~~~##
~~~~~~~~~~~~~~~....~~~~~~~~~~~~~~
~~~~~~~~~~~~~~~....~~~~~~~~~~~~~~
....................(.....)%.....


You could see 2 gnolls.

Vanquished Creatures
  A centaur (D:3)
  Jessica (D:2)
  5 gnolls (D:3)
  An adder (D:2)
  2 worms (D:2)
  4 dart slugs
  5 orcs (D:3)
  5 endoplasms
  2 giant cockroaches
  9 goblins
  4 hobgoblins
  7 jackals
  4 kobolds
  3 quokkas
  4 ball pythons (D:1)
  6 bats
  4 frilled lizards
  7 rats
74 creatures vanquished.

Vanquished Creatures (others)
  2 fungi (D:1)
  3 plants
5 creatures vanquished.

Grand Total: 79 creatures vanquished

Notes
Turn   | Place    | Note
-------+----------+-------------------------------------------
     0 | D:1      | qw the Gargoyle Fighter began the quest for the Orb.
     0 | D:1      | Reached XP level 1. HP: 14/14 MP: 1/1
     0 | D:1      | 0 ||| qw: Version: 0.1-a-113-g051387a
     0 | D:1      | 0 ||| qw: Game counter: 7212
     0 | D:1      | 0 ||| qw: Always use a shield: true
     0 | D:1      | 0 ||| qw: God list: Okawaru
     0 | D:1      | 0 ||| qw: Allow faded altars: false
     0 | D:1      | 0 ||| qw: Do Orc after D:15 true
     0 | D:1      | 0 ||| qw: Do second Lair branch before Depths: true
     0 | D:1      | 0 ||| qw: Lair rune preference: random
     0 | D:1      | 0 ||| qw: Plans: Normal, Zot, God:TSO, Crypt, Tomb, Zig,
                  | Orb
     0 | D:1      | 0 ||| PLANNING D:1-11
     4 | D:1      | Noticed a vine stalker
     4 | D:1      | Noticed a gargoyle
     6 | D:1      | Noticed a demigod
     6 | D:1      | Noticed a meteoran
     8 | D:1      | Noticed a merfolk
     8 | D:1      | Noticed a vampire
    10 | D:1      | Noticed a minotaur
    12 | D:1      | Noticed an elf
    12 | D:1      | Noticed a ghoul
    14 | D:1      | Noticed an ogre
    14 | D:1      | Noticed a tengu
    16 | D:1      | Noticed a palentonga
    16 | D:1      | Noticed a demonspawn
    18 | D:1      | Noticed a felid
    18 | D:1      | Noticed a human
    20 | D:1      | Noticed a naga
    20 | D:1      | Noticed an octopode
    22 | D:1      | Noticed a formicid
    22 | D:1      | Noticed a troll
    24 | D:1      | Noticed a merfolk
    24 | D:1      | Noticed a spriggan
    26 | D:1      | Noticed a meteoran
    26 | D:1      | Noticed a meteoran
   105 | D:1      | Reached skill level 2 in Axes
   191 | D:1      | Reached XP level 2. HP: 19/19 MP: 2/2
   501 | D:1      | 501 ||| Stepping ~*~*~tactically~*~*~ (stealth).
   515 | D:1      | Reached skill level 3 in Axes
   763 | D:1      | Found a faded altar of an unknown god.
   822 | D:1      | Reached XP level 3. HP: 21/23 MP: 3/3
  1042 | D:1      | 1042 ||| READING scroll labelled LISAGUGITS.
  1043 | D:1      | 1043 ||| READING scroll labelled NIAROAPLICUY.
  1044 | D:1      | 1044 ||| READING 2 scrolls labelled UCOWOH ITOPPOST.
  1045 | D:1      | 1045 ||| READING scroll labelled WUGUSE NEAMNUH.
  1099 | D:2      | 1099 ||| Stepping ~*~*~tactically~*~*~ (stealth).
  1108 | D:2      | 1108 ||| Stepping ~*~*~tactically~*~*~ (stealth).
  1280 | D:2      | Found Qak Own's Book Shoppe.
  1340 | D:2      | 1340 ||| Stepping ~*~*~tactically~*~*~ (hiding).
  1362 | D:2      | Reached XP level 4. HP: 20/28 MP: 4/4
  1466 | D:2      | 1466 ||| DROPPING +0 club.
  1475 | D:2      | Reached skill level 4 in Axes
  1494 | D:2      | 1494 ||| Stepping ~*~*~tactically~*~*~ (stealth).
  1545 | D:2      | Noticed Jessica
  1552 | D:2      | Killed Jessica
  1615 | D:2      | Identified the +3 leather armour "Gutuhy" {Fly Will- SInv}
  1720 | D:2      | 1720 ||| UPGRADING to +0 chain mail.
  1730 | D:2      | 1730 ||| DROPPING +0 scale mail.
  1731 | D:2      | 1731 ||| DROPPING orb of light.
  1732 | D:2      | 1732 ||| READING scroll labelled SAEGAGEUXIT.
  1781 | D:2      | 1781 ||| READING scroll labelled VUWUTE FOERPH.
  1782 | D:2      | 1782 ||| READING scroll labelled NAOLEAG CYDWE.
  1783 | D:2      | 1783 ||| DRINKING 2 fizzy green potions.
  1784 | D:2      | 1784 ||| DROPPING potion of invisibility.
  1843 | D:3      | Noticed a centaur
  1853 | D:3      | Killed a centaur
  1854 | D:3      | Reached skill level 5 in Axes
  1854 | D:3      | Reached XP level 5. HP: 30/32 MP: 5/5
  1874 | D:3      | 1874 ||| Stepping ~*~*~tactically~*~*~ (stealth).
  2009 | D:3      | 2009 ||| Stepping ~*~*~tactically~*~*~ (stealth).
  2314 | D:3      | 2314 ||| Stepping ~*~*~tactically~*~*~ (stealth).
  2315 | D:3      | 2315 ||| DROPPING +0 mace.
  2445 | D:3      | 2445 ||| Stepping ~*~*~tactically~*~*~ (stealth).
  2446 | D:3      | 2446 ||| Stepping ~*~*~tactically~*~*~ (stealth).
  2447 | D:3      | 2447 ||| Stepping ~*~*~tactically~*~*~ (stealth).
  2449 | D:3      | 2449 ||| Stepping ~*~*~tactically~*~*~ (stealth).
  2461 | D:3      | Reached XP level 6. HP: 32/38 MP: 6/6
  2745 | D:3      | Found an opulent altar of Gozag.
  2839 | D:3      | 2839 ||| Stepping ~*~*~tactically~*~*~ (hiding).
  2840 | D:3      | 2840 ||| Stepping ~*~*~tactically~*~*~ (hiding).
  2841 | D:3      | 2841 ||| Stepping ~*~*~tactically~*~*~ (hiding).
  2850 | D:3      | HP: 6/38 [gnoll/+0 spear (4)]
  2855 | D:3      | HP: 3/38 [gnoll/+0 spear (1)]
  2858 | D:3      | Slain by a gnoll

Levels and vault maps discovered:
D:1:      kb_arrival_jail, layout_basic,
          dreamdust_ecumenical_altar_hidden_monk_grotto, minivault_25,
          serial_bayou_crossing
D:2:      layout_rooms, serial_shops, shop, uniq_jessica
D:3:      lemuel_castle_with_subvaults [lemuel_castle_interior_carwin_2],
          layout_loops_corners, mainiacjoe_overflow_tiny_flanked,
          minmay_circle_x

Skill      XL: |  1  2  3  4  5  6 |
---------------+-------------------+-----
Axes           | 2 3 5 |  5.4
Fighting       | 4 |  4.0
Armour         | |  3.2
Shields        | |  3.2

Action                   |  1- 3 |  4- 6 || total
-------------------------+-------+-------++-------
Melee: War axe           |   103 |   103 ||   206
  Use: Scroll            |     4 |     3 ||     7
       Potion            |       |     1 ||     1
Armor: Scale mail        |    42 |     9 ||    51
       Chain mail        |       |    65 ||    65
Dodge: Dodged            |    38 |    38 ||    76
Block: Buckler           |    15 |    19 ||    34

Table legend:
 A = Non-vault XP
 B = Vault XP
 C = Vault XP percentage of total XP
 D = Non-vault monster count
 E = Vault monster count
 F = Vault count percentage of total count
                 A         B        C        D         E       F
            +---------+---------+-------+---------+---------+-------
      Total |     127 |     244 |  65.8 |      58 |      16 |  21.6
            +---------+---------+-------+---------+---------+-------
        D:1 |      43 |       0 |   0.0 |      23 |       0 |   0.0
        D:2 |      61 |      37 |  37.8 |      23 |       1 |   4.2
        D:3 |      23 |     207 |  90.0 |      12 |      15 |  55.6
            +---------+---------+-------+---------+---------+-------
